 Dungeon Crawl Stone Soup version 0.30-a0-696-g2367cd04db (webtiles) character file.

Game seed: 5653277784243104263

718 mandoloar the Cleaver (level 7, -11/60 HPs)
             Began as a Minotaur Fighter on Jan 21, 2023.
             Mangled by superbruh's ghost (14 damage)
             ... on level 4 of the Dungeon.
             The game lasted 00:09:14 (4924 turns).

mandoloar the Cleaver (Minotaur Fighter)            Turns: 4924, Time: 00:09:15

Health: -11/60     AC:  9    Str: 23    XL:     7   Next: 42%
Magic:  6/6        EV:  9    Int:  5    God:
Gold:   231        SH:  4    Dex:  9    Spells: 6/6 levels left

rFire   . . .      SeeInvis .    a - +0 war axe
rCold   . . .      Faith    .    c - +0 buckler
rNeg    . . .      Spirit   .    b - +0 scale mail
rPois   .          Reflect  .    (helmet restricted)
rElec   .          Harm     .    q - +1 cloak {rCorr}
rCorr   +          Rampage  .    (no gloves)
Will    .....                    (no boots) Stlth
                                 (no amulet)
HPRegen 0.30/turn                (no ring)
MPRegen 0.10/turn                (no ring)

@: mighty
A: horns 2, retaliatory headbutt
a: no special abilities


You were on level 4 of the Dungeon.
You visited 1 branch of the dungeon, and saw 4 of its levels.

You collected 231 gold pieces.

Inventory:

Hand Weapons
 a - a +0 war axe (weapon)
Missiles
 e - 37 stones (quivered)
 f - a throwing net
Armour
 b - a +0 scale mail (worn)
 c - a +0 buckler (worn)
 q - a +1 cloak of preservation (worn)
Wands
 p - a wand of roots (3)
 v - a wand of flame (11)
Scrolls
 g - 5 scrolls of identify {unknown}
 h - 2 scrolls of fog {unknown}
 i - 2 scrolls of amnesia {unknown}
 k - a scroll of silence {unknown}
 m - a scroll of enchant weapon {unknown}
 n - 2 scrolls of teleportation {unknown}
 r - a scroll of butterflies {unknown}
 u - 2 scrolls of poison {unknown}
Potions
 d - 2 potions of might
 j - 3 potions of lignification {unknown}
 l - 2 potions of heal wounds {unknown}
 o - 2 potions of ambrosia {unknown}
 s - 2 potions of curing {unknown}
 t - a potion of cancellation {unknown}


   Skills:
 + Level 4.4 Fighting
 + Level 9.8 Axes
 - Level 3.6 Armour
 - Level 3.6 Shields


You had 6 spell levels left.
You didn't know any spells.
Your spell library contained the following spells:

 Spells                   Type           Power      Damage    Failure   Level
 Sandblast                Erth           0%         2d4       86%         1
 Passwall                 Tmut/Erth      0%         N/A       95%         2
 Gell's Gravitas          Tloc           0%         N/A       99%         3
 Stone Arrow              Conj/Erth      0%         3d7       99%         3
 Teleport Other           Tloc           0%         N/A       99%         3
 Dispersal                Tloc           0%         N/A       100%        6


Dungeon Overview and Level Annotations

Branches:
Dungeon (4/15)
 Temple: D:4-7

Altars:
Makhleb
Trog

Annotations:
D:3 2 transporters
D:4 superbruh's ghost, amateur MiFi


Innate Abilities, Weirdness & Mutations

You have a pair of horns on your head.
You reflexively headbutt those who attack you in melee.


Message History

The orc attacks as you move away! The orc hits you but does no damage.
The orc barely misses you.
You see here a +0 war axe.
The orc attacks as you move away! The orc hits you with a +0 short sword.
* * * LOW HITPOINT WARNING * * *
The orc attacks as you move away! The orc hits you but does no damage.
You closely miss the orc.
The orc is severely wounded.
You hit the orc.
You kill the orc!
The orc closely misses you.
You hit the orc.
You kill the orc!
You hit the orc but do no damage. The orc hits you with a +0 short sword.
* * * LOW HITPOINT WARNING * * *
You hit the orc but do no damage. Your headbutt misses the orc.
You hit the orc but do no damage.
The orc hits you with the +8 dagger "Zothriska" {flame, rCorr Dex+4}!
* * * LOW HITPOINT WARNING * * *
The orc burns you.
* * * LOW HITPOINT WARNING * * *
You block the orc's attack.
Okay, then.
You feel very mighty all of a sudden. The orc hits you but does no damage. x2
You barely miss the orc. You headbutt the orc, but do no damage.
You closely miss the orc. The orc closely misses you.
The orc hits you but does no damage.
You hit the orc.
The orc is moderately wounded.
You slash the orc!
You kill the orc!
The orc hits you with the +8 dagger "Zothriska" {flame, rCorr Dex+4}.
* * * LOW HITPOINT WARNING * * *
The orc burns you.
* * * LOW HITPOINT WARNING * * *
You hit the orc.
You kill the orc!
You closely miss superbruh's ghost. Superbruh's ghost hits you!
You die...

#..################.###.##....
#..#8....._[....8#......##....
#### .......$....#.#######.#.#
#.#8#..8..#8#.#...# #....
#.###...o.###.#.#######..#.
#....#####....#............
#.............#....#####.##
#######'))######.#...#....#
#8.......))@...8.#...#.#.##
#........)W.....##...#.#..##
#############..#.#####....#.#....
...............#.# #.#..#.#....
#############..#.# #.#....#....
.).....##......#.# #......#....
######.##.#.#..#.# #######..>...
....#.....#.#..#.####.......#....
#......#.......#.##......####....


You could see superbruh's ghost.

Vanquished Creatures
  Edmund (D:4)
  An ogre (D:4)
  Blork the orc (D:4)
  A scorpion (D:4)
  A jelly (D:4)
  An orc priest (D:4)
  Crazy Yiuf (D:2)
  Natasha (thrice) (D:2)
  An orc wizard (D:3)
  Robin (D:4)
  5 gnolls (D:2)
  4 adders
  2 worms
  2 dart slugs
  12 orcs
  3 bats
  4 endoplasms
  3 giant cockroaches
  14 goblins
  9 hobgoblins
  8 jackals
  5 quokkas
  4 ball pythons
  6 frilled lizards
  7 kobolds
  2 rats
102 creatures vanquished.

Notes
Turn   | Place    | Note
-------+----------+-------------------------------------------
     0 | D:1      | mandoloar the Minotaur Fighter began the quest for the Orb.
     0 | D:1      | Reached XP level 1. HP: 19/19 MP: 0/0
    88 | D:1      | Reached skill level 3 in Axes
    92 | D:1      | Reached XP level 2. HP: 18/26 MP: 1/1
   397 | D:1      | Reached skill level 4 in Axes
   489 | D:1      | Reached XP level 3. HP: 30/31 MP: 2/2
   825 | D:2      | Noticed Natasha
   840 | D:2      | Killed Natasha
   841 | D:2      | Reached skill level 5 in Axes
   976 | D:2      | Reached XP level 4. HP: 39/39 MP: 3/3
  1144 | D:2      | Noticed Natasha
  1153 | D:2      | Killed Natasha
  1154 | D:2      | Reached skill level 6 in Axes
  1787 | D:2      | Noticed Natasha
  1806 | D:2      | Killed Natasha
  1807 | D:2      | Reached XP level 5. HP: 5/45 MP: 4/4
  2313 | D:2      | Found a runed translucent door.
  2314 | D:2      | Noticed Crazy Yiuf
  2492 | D:2      | Reached skill level 7 in Axes
  2590 | D:2      | Killed Crazy Yiuf
  2847 | D:3      | Found a bloodstained altar of Trog.
  2889 | D:3      | Found a burning altar of Makhleb.
  3001 | D:3      | Found a transporter.
  3094 | D:3      | Found a transporter.
  3164 | D:3      | Reached XP level 6. HP: 26/51 MP: 5/5
  3748 | D:4      | Noticed Robin
  3761 | D:4      | Killed Robin
  3762 | D:4      | Reached skill level 8 in Axes
  3909 | D:4      | Noticed Blork the orc
  3918 | D:4      | Killed Blork the orc
  3919 | D:4      | Reached skill level 9 in Axes
  3989 | D:4      | Found a runed translucent gate.
  3989 | D:4      | Found a runed translucent gate.
  3990 | D:4      | Found a runed translucent gate.
  3991 | D:4      | Noticed superbruh's ghost (amateur MiFi)
  3993 | D:4      | Identified the +8 dagger "Zothriska" {flame, rCorr Dex+4}
  3993 | D:4      | Identified the +5 ring mail of Greed {Rampage rPois rF-
                  | Slay+4}
  4018 | D:4      | Reached XP level 7. HP: 7/57 MP: 6/6
  4467 | D:4      | Noticed Edmund
  4472 | D:4      | Killed Edmund
  4923 | D:4      | HP: 3/60 [orc/the +8 dagger "Zothriska" {flame, rCorr
                  | Dex+4} (2)]
  4924 | D:4      | Mangled by superbruh's ghost

Illustrated notes

Levels and vault maps discovered:
D:1:      amcnicky_arrival_abandoned_market, layout_rooms, serial_bayou_pond_d,
          columned_hall_lemuel, serial_bayou_pond_c, reono_crystal_passage
D:2:      layout_basic, minivault_24, cheibrodos_gnoll_hut, uniq_natasha,
          uniq_crazy_yiuf_cottage
D:3:      gammafunk_wand_slinger, layout_basic,
          mainiacjoe_overflow_catch_the_wave, dk_noncrumbling_3
D:4:      cheibrodos_helix_gallery, layout_basic, biasface_ghost_orc_armoury,
          uniq_robin, uniq_edmund, uniq_blork_the_orc

Skill      XL: |  1  2  3  4  5  6  7 |
---------------+----------------------+-----
Axes           | 3 4 5 6 7 9 |  9.8
Fighting       | 4 |  4.4
Armour         | |  3.6
Shields        | |  3.6

Action                   |  1- 3 |  4- 6 |  7- 9 || total
-------------------------+-------+-------+-------++-------
Melee: War axe           |    66 |   147 |    20 ||   233
       Headbutt          |     4 |    24 |     5 ||    33
  Use: Potion            |       |       |     1 ||     1
Armor: Scale mail        |    34 |    67 |    12 ||   113
Dodge: Dodged            |    43 |    49 |    14 ||   106
Block: Buckler           |     9 |    23 |     6 ||    38

Table legend: (Time is in decaauts)
 A = Elapsed time spent in this place.
 B = Non-inter-level travel time spent in this place.
 C = Inter-level travel time spent in this place.
 D = Time resting spent in this place.
 E = Time spent auto-exploring this place.
 F = Levels seen in this place.
 G = Mean time per level.
                   A        B        C        D        E       F      G
               +--------+--------+--------+--------+--------+-----+--------+
         Total |   4990 |   4789 |    201 |   1211 |   2846 |   4 | 1247.5 |
       Dungeon |   4990 |   4789 |    201 |   1211 |   2846 |   4 | 1247.5 |
               +--------+--------+--------+--------+--------+-----+--------+

Top non-repeatable levels by time:
     D:2: 2028 daAuts
     D:4: 1235 daAuts
     D:3: 898 daAuts
     D:1: 828 daAuts
